 Dungeon Crawl Stone Soup version 0.22-b1-21-g5cfc1688f2 (webtiles) character file.

79706 MrSplat the Spry (level 15, -1/118 HPs)
             Began as a Barachi Hunter on Aug 6, 2018.
             Was a High Priest of Okawaru.
             Killed by divine providence
             ... invoked by a meliai
              (13 damage)
             ... on level 14 of the Dungeon.
             The game lasted 01:31:27 (24122 turns).

MrSplat the Spry (Barachi Hunter)                  Turns: 24122, Time: 01:31:27

Health: -1/118     AC: 49    Str: 15    XL:     15   Next: 64%
Magic:  17/24      EV: 18    Int: 11    God:    Okawaru [*****.]
Gold:   3134       SH:  0    Dex: 16    Spells: 20/26 levels left

rFire    . . .     SeeInvis .   b - +10 morningstar "Eos" {elec, Halo rElec}
rCold    . . .     Gourm    .   (no shield)
rNeg     . . .     Faith    .   k - +8 chain mail of Trog's Esteem {MR+++ Str-4}
rPois    .         Spirit   .   w - +5 hat of Impressiveness {+Blink}
rElec    +         Reflect  .   K - +2 cloak
rCorr    .         Harm     .   r - +2 pair of gloves
MR       ++++.                  C - +2 pair of boots
Stlth    ..........             g - amulet of regeneration
HPRegen  0.69/turn              p - +6 ring of protection
MPRegen  0.19/turn              m - +4 ring of protection

@: heroism, finesse, very slightly contaminated, glowing, studying Dodging, slow
A: +LOS, swims, agile 1, slowness 1, MP-powered wands, strong legs 2
a: Hop, Heroism, Finesse, Renounce Religion, Evoke Blink


You were on level 14 of the Dungeon.
You worshipped Okawaru.
Okawaru was extremely pleased with you.
You were not hungry.

You visited 3 branches of the dungeon, and saw 21 of its levels.
You also visited: Labyrinth and Ossuary.

You collected 3290 gold pieces.
You spent 156 gold pieces at shops.


Innate Abilities, Weirdness & Mutations

Shadows flee at your approach. (+LOS)
You can swim through water.
You cover ground slowly.
You can hop long distances.
You are agile. (Dex +2)
You expend magic power (3 MP) to strengthen your wands.


   Skills:
 - Level 11.0(16.0) Fighting
 - Level 11.0(16.0) Crossbows
 + Level 13.0(18.0) Armour
 + Level 15.1(20.1) Dodging
 - Level 1.0(6.0) Stealth
 - Level 6.0 Spellcasting
 - Level 7.0 Hexes
 - Level 7.0 Translocations
 - Level 10.0 Invocations
 - Level 10.0 Evocations


You had 20 spell levels left.
You knew the following spells:

 Your Spells              Type           Power        Failure   Level  Hunger
a - Corona                Hex            ###....      8%          1    None
b - Blink                 Tloc           N/A          12%         2    ##.....
z - Portal Projectile     Hex/Tloc       ###...       22%         3    ###....

Your spell library contained the following spells:

 Spells                   Type           Power        Failure   Level  Hunger
 Magic Dart               Conj           #...         80%         1    None
 Conjure Flame            Conj/Fire      #.......     99%         3    ###....
 Slow                     Hex            ###.....     12%         2    ##.....
 Confuse                  Hex            ###.....     22%         3    ###....
 Controlled Blink         Tloc           N/A          100%        8    #######
 Mephitic Cloud           Conj/Pois/Air  #.......     99%         3    ###....
 Venom Bolt               Conj/Pois      #.........   100%        5    ######.
 Olgreb's Toxic Radiance  Pois           #.......     100%        4    ####...
 Call Imp                 Summ           #.......     90%         2    ##.....
 Sting                    Conj/Pois      #...         80%         1    None
 Sublimation of Blood     Necr           #.........   90%         2    ##.....
 Tukima's Dance           Hex            ###.....     22%         3    ###....
 Spider Form              Tmut/Pois      #.........   99%         3    ###....
 Blade Hands              Tmut           #.........   100%        5    ######.
 Ice Form                 Ice/Tmut       #.......     100%        4    ####...
 Ignite Poison            Fire/Tmut/Pois #.......     99%         3    ###....
 Sticks to Snakes         Tmut           #.......     90%         2    ##.....
 Ensorcelled Hibernation  Hex/Ice        ##....       43%         2    ##.....
 Dispersal                Tloc           ###.......   100%        6    #######
 Alistair's Intoxication  Tmut/Pois      #.......     100%        5    ######.
 Petrify                  Tmut/Erth      #.......     100%        4    ####...
 Shroud of Golubria       Chrm/Tloc      ##........   43%         2    ##.....
 Beastly Appendage        Tmut           #.....       80%         1    None
 Disjunction              Tloc           ###.......   100%        8    #######
 Iskenderun's Battlesphe  Conj/Chrm      #.......     100%        5    ######.
 Dazzling Spray           Conj/Hex       ##....       67%         3    ###....
 Force Lance              Conj/Tloc      ##......     97%         4    ####...
 Song of Slaying          Chrm           #.......     90%         2    ##.....
 Spectral Weapon          Hex/Chrm       ##......     67%         3    ###....
 Irradiate                Conj/Tmut      #.........   100%        5    ######.
 Gell's Gravitas          Tloc           ###.......   22%         3    ###....
 Poisonous Vapours        Pois/Air       #.....       90%         2    ##.....

Inventory:

Hand Weapons
 a - a +1 hand crossbow
 b - the +10 morningstar "Eos" (weapon) {elec, Halo rElec}
   (You found it on level 6 of the Lair of Beasts)

   Occasionally, upon striking a foe, it will discharge some electrical energy
   and cause terrible harm.
   It insulates you from electricity.
Missiles
 d - 228 bolts
 t - a throwing net {=f}
Armour
 k - the +8 chain mail of Trog's Esteem (worn) {MR+++ Str-4}
   (You found it on level 4 of the Lair of Beasts)

   It affects your strength (-4).
   It affects your resistance to hostile enchantments.
 r - a +2 pair of gloves (worn)
   (You found it on level 4 of the Lair of Beasts)
 w - the +5 hat of Impressiveness (worn) {+Blink}
   (Okawaru gifted it to you on level 2 of the Lair of Beasts)

   It lets you blink.
 C - a +2 pair of boots (worn)
   (You found it on level 2 of the Dungeon)
 K - a +2 cloak (worn)
   (You found it on level 5 of the Lair of Beasts)
Jewellery
 f - an uncursed ring of protection from fire
   (You found it on level 3 of the Dungeon)
 g - an amulet of regeneration (around neck)
   (You found it on level 8 of the Dungeon)
 m - a +4 ring of protection (right hand)
   (You found it on level 8 of the Dungeon)
 n - an uncursed ring of positive energy
   (You found it on level 2 of the Lair of Beasts)
 p - a +6 ring of protection (left hand)
   (You found it on level 10 of the Dungeon)
 v - an uncursed ring of see invisible
   (You found it on level 6 of the Lair of Beasts)
Wands
 e - a wand of scattershot (4)
   (You found it in a labyrinth)
 D - a wand of digging (8)
   (You found it on level 6 of the Dungeon)
 E - a wand of acid (21)
   (You found it on level 5 of the Dungeon)
Scrolls
 h - 5 scrolls of magic mapping {@r3}
 q - a scroll of acquirement {unknown}
 x - 6 scrolls of remove curse {unknown}
 y - 7 scrolls of teleportation {@r4}
 B - 2 scrolls of blinking {@r6}
 F - 2 scrolls of silence {!r}
 J - 4 scrolls of fear {unknown}
 L - a scroll of immolation {unknown}
 O - a scroll of vulnerability {unknown}
 R - 5 scrolls of fog
 T - 2 scrolls of amnesia {unknown}
 U - a scroll of holy word {unknown}
 W - 3 scrolls of brand weapon {unknown}
 X - 4 scrolls of enchant weapon {unknown}
 Z - 3 scrolls of random uselessness {unknown}
Potions
 c - a potion of cancellation
 i - 13 potions of curing {@q1}
 j - 2 potions of brilliance
 l - 3 potions of resistance
 o - 4 potions of agility
 u - 5 potions of flight
 H - a potion of haste {@q3}
 I - 2 potions of heal wounds {@q2}
 N - 4 potions of might
 P - 2 potions of mutation {!q}
 Q - a potion of invisibility
Books
 z - a manual of Dodging {!d}
   (You found it on level 6 of the Lair of Beasts)
Miscellaneous
 V - a lightning rod (4/4)
   (You found it on level 6 of the Lair of Beasts)
 Y - a phantom mirror
Comestibles
 S - 45 rations {@e1}

Dungeon Overview and Level Annotations

Branches:
Dungeon (15/15)            Temple (1/1) D:7            Lair (6/6) D:10
  Swamp (0/4) Lair:2       Spider (0/4) Lair:4        Slime (0/5) Lair:6
    Orc (0/2) D:9          Depths (0/5) D:15
 Vaults: D:13-14

Altars:
Ashenzari
Cheibriados
Dithmenos
Elyvilon
Fedhas
Gozag
Hepliaklqana
Kikubaaqudgha
Makhleb
Nemelex Xobeh
Okawaru
Qazlal
Ru
Sif Muna
Trog
Uskayaw
Vehumet
Wu Jian
Xom
Yredelemnul
Zin
The Shining One

Shops:
D:6 (   D:7 (   D:8 *([[:

Portals:
Trove: D:12 (give +7 demon whip)

Annotations:
D:15 1 runed door, MrSplat's ghost, journeyman BaHu

#§#
#y####+####
#y>.......#
...........#
#.........##
.....?.....#
#..........#
...........#
#..>....Y..
......{.H..#
..........#
...........#
..........!#
.....J<....#
)........@.#
....J...y..#
#############
.........y.#
...5.J..>..#
############


You could see a catoblepas and 2 meliai.


Message History

The gargoyle hits you but does no damage.
The orc warrior misses you.
You hit the gargoyle.
The gargoyle is moderately damaged.
The gargoyle hurls a stone arrow at you.
The stone arrow misses you. The orc warrior barely misses you.
The gargoyle hurls a stone arrow at you.
The stone arrow hits you!
You hit the orc warrior.
Lightning courses through the orc warrior!
The orc warrior is severely wounded.
The orc warrior closely misses you. The orc warrior barely misses you.
You puncture the orc warrior!
You kill the orc warrior!
Okawaru accepts your kill. The orc hits you but does no damage.
You hit the orc but do no damage. The orc hits you but does no damage.
You puncture the orc!
You kill the orc!
The orc misses you.
You impale the orc!!
You kill the orc!
The gargoyle hurls a stone arrow at you.
The stone arrow hits you!
The gargoyle hurls a stone arrow at you.
The stone arrow hits you!
You take 11 damage, and have 103/118 hp.
The gargoyle barely misses you.
Items here: ))) [[[ †† You hit the gargoyle but do no damage.
The gargoyle is moderately damaged.
The gargoyle closely misses you.
You hit the gargoyle.
The gargoyle is moderately damaged.
The gargoyle barely misses you.
The gargoyle hits you but does no damage.
You barely miss the gargoyle.
The gargoyle is moderately damaged.
The gargoyle completely misses you.
You hit the gargoyle but do no damage.
The gargoyle is moderately damaged.
The meliai hits you but does no damage.
The meliai stings you but does no damage.
The gargoyle hurls a stone arrow at you.
The stone arrow hits you!
You take 3 damage, and have 104/118 hp.
You completely miss the gargoyle.
The gargoyle is moderately damaged.
The meliai buzzes angrily.
You hear a bellow!
The meliai hits you but does no damage. The meliai barely misses you.
The meliai hits you but does no damage.
The meliai stings you but does no damage.
The gargoyle completely misses you.
The meliai calls down the wrath of its god upon you.
Something smites you!
You take 10 damage, and have 94/118 hp.
You hit the gargoyle.
The gargoyle is heavily damaged.
The meliai barely misses you. x2
The meliai invokes the aid of its god against you.
Something smites you!
The gargoyle hurls a stone arrow at you.
The stone arrow hits you! The meliai hits you but does no damage.
The meliai closely misses you. The gargoyle hits you with a flail.
The meliai closely misses you.
The meliai stings you but does no damage.
You take 42 damage, and have 52/118 hp.
MASSIVE DAMAGE!!
You are too injured to fight recklessly!
Unknown command.
Use which ability? (? or * to list)
You gain the combat prowess of a mighty hero.
The meliai hits you but does no damage. The meliai barely misses you.
The gargoyle hurls a stone arrow at you.
The stone arrow hits you!
* * * LOW HITPOINT WARNING * * *
You take 11 damage, and have 41/118 hp.
You now have 22/24 mp.
Use which ability? (? or * to list)
You can now deal lightning-fast blows.
The meliai completely misses you.
The meliai stings you but does no damage.
The meliai mumbles some strange prayers to its god against you.
Something smites you!
* * * LOW HITPOINT WARNING * * *
The meliai hits you but does no damage. The meliai barely misses you.
The meliai calls down the wrath of its god upon you.
Something smites you!
* * * LOW HITPOINT WARNING * * *
The gargoyle barely misses you.
You take 30 damage, and have 11/118 hp.
MASSIVE DAMAGE!!
You now have 17/24 mp.
Unknown command.
Okay, then.
Blink to where?
Press: ? - help, Dir - move target cursor You are very lightly contaminated with residual magic.
As you read the scroll of blinking {@r6}, it crumbles to dust.
A catoblepas comes into view.
The catoblepas bellows!
You hear a screech!
The meliai invokes the aid of its god against you.
Something smites you!
You die...

Skill      XL: |  1  2  3  4  5  6  7  8  9 10 11 12 13 14 15 |
---------------+----------------------------------------------+-----
Stealth        | 1 |  1.0
Fighting       | 3 7 10 11 | 11.0
Dodging        | 3 5 8 10 12 15 | 15.1
Crossbows      | 5 6 7 9 10 11 | 11.0
Armour         | 5 9 10 12 13 | 13.0
Invocations    | 7 9 10 | 10.0
Hexes          | 5 7 |  7.0
Spellcasting   | 5 6 |  6.0
Translocations | 1 7 |  7.0
Evocations     | 1 8 10 | 10.0

Action                   |  1- 3 |  4- 6 |  7- 9 | 10-12 | 13-15 || total
-------------------------+-------+-------+-------+-------+-------++-------
Melee: Dagger            |     8 |    21 |     6 |   288 |    18 ||   341
       Hand crossbow     |       |       |       |     1 |       ||     1
       Long sword        |       |       |       |       |   364 ||   364
       Morningstar       |       |       |       |       |   621 ||   621
       Punch             |       |       |       |       |     3 ||     3
 Fire: Hand crossbow     |    40 |    72 |   303 |   758 |   837 ||  2010
Throw: Throwing net      |       |       |       |       |     1 ||     1
 Cast: Blink             |       |       |       |       |     3 ||     3
Invok: Heroism           |       |       |       |     9 |     9 ||    18
       Finesse           |       |       |       |     3 |    10 ||    13
 Abil: Hop               |       |     2 |    11 |    25 |    20 ||    58
       Evoke Blink       |       |       |       |       |     2 ||     2
Evoke: Wand              |       |       |       |       |     1 ||     1
  Use: Scroll            |       |       |     6 |     7 |     9 ||    22
       Potion            |       |       |     3 |     6 |     4 ||    13
  Eat: Chunk             |     1 |    17 |    12 |    23 |    32 ||    85
       Ration            |       |       |       |     2 |     3 ||     5
Armor: Leather armour    |     1 |       |       |       |       ||     1
       Ring mail         |     1 |       |    29 |   221 |   124 ||   375
       Scale mail        |       |    23 |    16 |       |       ||    39
       Skin              |       |       |       |    10 |       ||    10
       Chain mail        |       |       |       |       |  1115 ||  1115
Dodge: Dodged            |     4 |    22 |    66 |   509 |  1397 ||  1998
       Rpst.: Long sword |       |       |       |       |   113 ||   113

Vault maps used:
D:1:      minmay_arrival_four_circles
D:2:      led_sif_pool, tso_oasis_becter, nemelex_xobeh_ov_fountains_minmay,
          uniq_jessica
D:3:      kennysheep_generic_room_8
D:4:      nicolae_overflow_crystal_walls, minmay_misc_feat_tiny,
          uniq_blork_the_orc, uniq_sigmund
D:5:      kennysheep_mini_moat, enter_ossuary_2, first_ration,
          minmay_joined_circles
D:6:      lemuel_crystal_altar, lemuel_doored_altar, serial_shops,
          nicolae_shop_window_shopping
D:7:      grunt_temple_overflow_lords_of_destruction, overflow_temple_1_default,
          old_standard_altar, minmay_temple_entry_glassed_door, serial_shops,
          shop, uniq_pikel, uniq_duvessa, uniq_harold
D:8:      kennysheep_mini, nicolae_ru_awakened_eye, serial_shops,
          nicolae_shop_window_shopping, nicolae_shop_trees, shop_fountains,
          shop, shop, minmay_splitting_lines, the_bakery, uniq_erica
D:9:      kennysheep_orc_monster_closet_entryway
D:10:     minmay_the_grid_square_5x5_4x4, lair_entry_dummy, uniq_fannar
D:11:     wad_woods_structure_01, uniq_josephine
D:12:     nicolae_trove_entry_path_of_doom, hangedman_abyss_or_decor_stabs,
          minmay_item_behind_shaft
D:14:     small_statue_alley_a, hangedman_incinerator
D:15:     hangedman_depths_entry_civil_slaughter, hex_medium,
          ebering_ghost_reflecting_pool, yredelemnul_altar_generic
Temple:   nicolae_temple_figure_zero
Lair:1:   cheibrodos_lair_river_kwai, st_stairs_9, beast_lair_carwin_7
Lair:2:   minmay_swamp_entry_worms
Lair:4:   spider_nest_entry_webs, grunt_megastairs_2, lemuel_fruit_fields,
          infiniplex_staircase_pool_2
Lair:5:   serial_bayou, serial_bayou_shore_a, serial_bayou_pond_e,
          serial_bayou_pond_c, serial_bayou_pond_d, serial_bayou_pond_e,
          serial_bayou_lake_a, lab_entry_generic, kennysheep_abandoned_house
Lair:6:   gammafunk_lair_ancient_temple, nicolae_slime_entry_slimehenge
Lab:      labyrinth_watery, nicolae_lab_x, nicolae_lab_garden
Ossuary:  minmay_ossuary_gauntlet

Notes
Turn   | Place    | Note
-------+----------+-------------------------------------------
     0 | D:1      | MrSplat the Barachi Hunter began the quest for the Orb.
     0 | D:1      | Reached XP level 1. HP: 17/17 MP: 1/1
   102 | D:1      | Reached skill level 1 in Stealth
   189 | D:1      | Reached XP level 2. HP: 23/23 MP: 2/2
   447 | D:1      | Reached skill level 3 in Fighting
   531 | D:1      | Reached XP level 3. HP: 29/29 MP: 3/3
   911 | D:2      | Found a sparkling altar of Nemelex Xobeh.
  1039 | D:2      | Reached skill level 3 in Dodging
  1295 | D:2      | Noticed Jessica
  1296 | D:2      | Killed Jessica
  1296 | D:2      | Reached skill level 5 in Crossbows
  1296 | D:2      | Reached XP level 4. HP: 35/35 MP: 4/4
  1332 | D:2      | Found a glowing golden altar of the Shining One.
  1347 | D:2      | Found a deep blue altar of Sif Muna.
  2707 | D:4      | Noticed Blork the orc
  2779 | D:4      | Reached XP level 5. HP: 34/41 MP: 5/5
  2782 | D:4      | Reached skill level 6 in Crossbows
  2888 | D:4      | Killed Blork the orc
  2888 | D:4      | Reached XP level 6. HP: 47/47 MP: 6/6
  2951 | D:4      | Reached skill level 7 in Crossbows
  3095 | D:4      | Found a blossoming altar of Fedhas.
  3120 | D:4      | Noticed Sigmund
  3165 | D:4      | Killed Sigmund
  3165 | D:4      | Reached XP level 7. HP: 45/52 MP: 7/7
  3359 | D:4      | Reached skill level 8 in Crossbows
  3656 | D:5      | Entered Level 5 of the Dungeon
  3698 | D:5      | Identified a potion of resistance
  3706 | D:5      | Found a sand-covered staircase.
  3711 | Ossuary  | Entered an ossuary
  3900 | Ossuary  | Reached skill level 9 in Crossbows
  4266 | D:5      | Got a jewelled ring mail
  4477 | D:5      | Reached XP level 8. HP: 58/58 MP: 8/8
  4575 | D:5      | Identified the +0 ring mail of Orthodoxy {rElec Str+2} (You found it on level 5 of the Dungeon)
  4739 | D:5      | Found a hazy altar of Hepliaklqana.
  4956 | D:6      | Reached skill level 4 in Fighting
  5039 | D:6      | Found an ornate altar of the Wu Jian Council.
  5122 | D:6      | Found a basalt altar of Yredelemnul.
  5154 | D:6      | Reached skill level 5 in Fighting
  5154 | D:6      | Reached skill level 10 in Crossbows
  5376 | D:6      | Reached skill level 6 in Fighting
  5599 | D:6      | Found Sura's Antique Weapon Shoppe.
  5855 | D:7      | Reached skill level 7 in Fighting
  5855 | D:7      | Reached XP level 9. HP: 72/72 MP: 9/9
  5875 | D:7      | Found a radiant altar of Vehumet.
  5876 | D:7      | Found a burning altar of Makhleb.
  5997 | D:7      | Found a snail-covered altar of Cheibriados.
  6064 | D:7      | Found a staircase to the Ecumenical Temple.
  6069 | Temple   | Entered the Ecumenical Temple
  6201 | D:7      | Reached skill level 8 in Fighting
  6230 | D:7      | Noticed Pikel
  6251 | D:7      | Killed Pikel
  6251 | D:7      | Reached skill level 9 in Fighting
  6538 | D:7      | Noticed a troll
  6541 | D:7      | Reached skill level 10 in Fighting
  6549 | D:7      | Killed a troll
  6549 | D:7      | Reached skill level 2 in Armour
  6637 | D:7      | Noticed Duvessa
  6642 | D:7      | Killed Duvessa
  6642 | D:7      | Reached skill level 4 in Dodging
  6643 | D:7      | Noticed Dowan
  6645 | D:7      | Killed Dowan
  6671 | D:7      | Noticed Harold
  6695 | D:7      | HP: 19/78 [Harold/mace of holy wrath (12)]
  6700 | D:7      | HP: 9/117 [Harold/mace of holy wrath (18)]
  6703 | D:7      | Killed Harold
  6703 | D:7      | Reached skill level 5 in Armour
  6703 | D:7      | Reached skill level 5 in Dodging
  6703 | D:7      | Reached XP level 10. HP: 10/85 MP: 10/10
  6730 | D:7      | Gained mutation: You expend magic power (3 MP) to strengthen your wands. [potion of mutation]
  6730 | D:7      | Gained mutation: You are agile. (Dex +2) [potion of mutation]
  6742 | D:7      | Reached skill level 6 in Dodging
  7030 | D:7      | Found an iron altar of Okawaru.
  7036 | D:7      | Became a worshipper of Warmaster Okawaru
  7111 | D:7      | Found Setes's Weapon Boutique.
  7287 | D:8      | Found a white marble altar of Elyvilon.
  7299 | D:8      | Noticed a two-headed ogre
  7427 | D:8      | Found Koohiv's Antique Armour Shoppe.
  7444 | D:8      | Found a sacrificial altar of Ru.
  7548 | D:8      | Reached skill level 6 in Armour
  7613 | D:8      | Found Pajopell's Weapon Emporium.
  7776 | D:8      | Found Efyfido's General Store.
  7787 | D:8      | Bought a scroll of identify for 30 gold pieces
  7787 | D:8      | Bought a scroll of fog for 30 gold pieces
  7787 | D:8      | Bought 17 bolts for 51 gold pieces
  7787 | D:8      | Bought a potion of curing for 45 gold pieces
  7876 | D:8      | Noticed a two-headed ogre
  7884 | D:8      | Killed a two-headed ogre
  7884 | D:8      | Reached * piety under Okawaru
  7884 | D:8      | Reached skill level 7 in Armour
  7884 | D:8      | Reached skill level 7 in Dodging
  7907 | D:8      | Killed a two-headed ogre
  7907 | D:8      | Reached skill level 8 in Armour
  7907 | D:8      | Reached skill level 8 in Dodging
  7995 | D:8      | Noticed Erica
  7996 | D:8      | Found Ovat's Antique Armour Boutique.
  8003 | D:8      | Killed Erica
  8004 | D:8      | Reached ** piety under Okawaru
  8134 | D:8      | Reached skill level 9 in Armour
  8134 | D:8      | Reached XP level 11. HP: 90/90 MP: 11/11
  8218 | D:8      | Found Morhugec's Book Emporium.
  8372 | D:8      | Reached skill level 9 in Dodging
  9077 | D:9      | Noticed a two-headed ogre
  9321 | D:9      | Found a staircase to the Orcish Mines.
  9345 | D:9      | Reached skill level 10 in Armour
  9530 | D:9      | Reached *** piety under Okawaru
  9626 | D:9      | Killed a two-headed ogre
  9626 | D:9      | Reached skill level 10 in Dodging
  9626 | D:9      | Reached skill level 1 in Invocations
  9670 | D:10     | Entered Level 10 of the Dungeon
  9677 | D:10     | Reached skill level 2 in Invocations
  9784 | D:10     | Reached **** piety under Okawaru
  9784 | D:10     | Received a gift from Okawaru
  9784 | D:10     | Reached skill level 3 in Invocations
  9798 | D:10     | Noticed a two-headed ogre
  9810 | D:10     | Killed a two-headed ogre
  9810 | D:10     | Reached skill level 4 in Invocations
  9835 | D:10     | Noticed a stone giant
  9903 | D:10     | Noticed Fannar
  9955 | D:9      | Reached skill level 5 in Invocations
 10279 | D:10     | HP: 21/90 [stone giant (27)]
 10284 | D:10     | HP: 8/90 [stone giant (17)]
 10287 | D:10     | Killed a stone giant
 10287 | D:10     | Reached skill level 6 in Invocations
 10642 | D:10     | Noticed a deep elf mage
 10656 | D:10     | Killed a deep elf mage
 10656 | D:10     | Reached skill level 7 in Invocations
 10656 | D:10     | Reached XP level 12. HP: 74/97 MP: 17/17
 10838 | D:10     | Received a gift from Okawaru
 10935 | D:10     | Found a staircase to the Lair.
 11057 | D:10     | Reached skill level 8 in Invocations
 11060 | D:10     | Learned a level 1 spell: Corona
 11064 | D:10     | Learned a level 3 spell: Portal Projectile
 11095 | D:10     | Reached ***** piety under Okawaru
 11095 | D:10     | Reached skill level 1 in Hexes
 11174 | D:10     | Killed Fannar
 11174 | D:10     | Reached skill level 1 in Spellcasting
 11196 | D:10     | Reached skill level 2 in Hexes
 11296 | D:10     | Reached skill level 2 in Spellcasting
 11605 | Lair:1   | Entered Level 1 of the Lair of Beasts
 11709 | Lair:1   | Received a gift from Okawaru
 11828 | Lair:1   | Reached skill level 3 in Hexes
 11966 | Lair:1   | Reached skill level 3 in Spellcasting
 11979 | Lair:1   | Noticed a four-headed hydra
 11991 | Lair:1   | Killed a four-headed hydra
 12127 | Lair:1   | Reached skill level 4 in Hexes
 12281 | Lair:1   | Reached skill level 4 in Spellcasting
 12312 | Lair:1   | Reached skill level 9 in Invocations
 12575 | Lair:1   | Received a gift from Okawaru
 12575 | Lair:1   | Reached skill level 5 in Hexes
 12767 | Lair:1   | Learned a level 2 spell: Blink
 12885 | Lair:1   | Noticed an eight-headed hydra
 12895 | Lair:1   | Killed an eight-headed hydra
 12895 | Lair:1   | Reached skill level 5 in Spellcasting
 12895 | Lair:1   | Reached skill level 1 in Translocations
 13166 | Lair:2   | Noticed an eight-headed hydra
 13178 | Lair:1   | Gained mutation: You can hop long distances. [Barachi growth]
 13178 | Lair:1   | Reached XP level 13. HP: 103/103 MP: 20/20
 13282 | Lair:2   | Found a staircase to the Swamp.
 13372 | Lair:2   | Reached skill level 2 in Translocations
 13407 | Lair:2   | Received a gift from Okawaru
 13525 | Lair:2   | Reached skill level 6 in Hexes
 13560 | Lair:2   | Received a gift from Okawaru
 13560 | Lair:2   | Reached skill level 3 in Translocations
 13906 | Lair:2   | Received a gift from Okawaru
 13906 | Lair:2   | Reached skill level 6 in Spellcasting
 13923 | Lair:2   | Got an encrusted hat {god gift}
 13929 | Lair:2   | Identified the +5 hat of Impressiveness {+Blink} (Okawaru gifted it to you on level 2 of the Lair of Beasts)
 14575 | Lair:3   | Reached skill level 4 in Translocations
 14812 | Lair:3   | Reached skill level 7 in Hexes
 14812 | Lair:3   | Reached skill level 10 in Invocations
 15424 | Lair:3   | Reached skill level 5 in Translocations
 15546 | Lair:3   | Got a crude long sword
 15547 | Lair:3   | Identified the +8 long sword "Hiziorche" {holy, rElec Str+4 Dex+4} (You found it on level 3 of the Lair of Beasts)
 15948 | Lair:4   | Reached skill level 6 in Translocations
 16626 | Lair:4   | Found a hole to the Spider Nest.
 16631 | Lair:4   | Reached skill level 11 in Crossbows
 16739 | Lair:4   | Got a warped chain mail
 16858 | Lair:4   | Identified the +8 chain mail of Trog's Esteem {MR+++ Str-4} (You found it on level 4 of the Lair of Beasts)
 17410 | Lair:5   | Found a labyrinth entrance.
 17417 | Lab      | Entered a labyrinth
 17566 | Lab      | Noticed a minotaur
 17595 | Lab      | Killed a minotaur
 17595 | Lab      | Received a gift from Okawaru
 17595 | Lab      | Reached skill level 7 in Translocations
 17595 | Lab      | Reached skill level 1 in Evocations
 17595 | Lab      | Reached XP level 14. HP: 64/111 MP: 16/23
 17753 | Lair:5   | Reached skill level 2 in Evocations
 18343 | Lair:5   | Reached skill level 3 in Evocations
 18420 | Lair:5   | Reached skill level 11 in Fighting
 18650 | Lair:6   | Entered Level 6 of the Lair of Beasts
 18955 | Lair:5   | Reached skill level 4 in Evocations
 19046 | Lair:6   | Reached skill level 11 in Armour
 19064 | Lair:5   | Paralysed by a hornet for 1 turns
 19251 | Lair:6   | Reached skill level 5 in Evocations
 19636 | Lair:6   | Reached skill level 6 in Evocations
 19825 | Lair:6   | Reached skill level 12 in Armour
 19944 | Lair:6   | Found a staircase to the Slime Pits.
 19975 | Lair:6   | Found the +10 morningstar "Eos" {elec, Halo rElec}
 19998 | Lair:6   | Identified Sif Muna's Papyrus of Twisted Augmentations
 20232 | Lair:6   | Reached skill level 7 in Evocations
 20421 | Lair:6   | Reached skill level 11 in Dodging
 20435 | Lair:6   | Received a gift from Okawaru
 21072 | D:11     | Reached skill level 8 in Evocations
 21118 | D:11     | Received a gift from Okawaru
 21359 | D:11     | Reached skill level 12 in Dodging
 21509 | D:11     | Received a gift from Okawaru
 21572 | D:11     | Noticed Josephine
 21581 | D:11     | Killed Josephine
 21581 | D:11     | Reached XP level 15. HP: 99/118 MP: 24/24
 22245 | D:12     | Reached skill level 9 in Evocations
 22260 | D:12     | Found a portal to a secret trove of treasure.
 22572 | D:12     | Received a gift from Okawaru
 22610 | D:12     | You fall through a shaft for 3 floors!
 22610 | D:15     | Entered Level 15 of the Dungeon
 22614 | D:15     | Reached skill level 13 in Dodging
 22720 | D:15     | Received a gift from Okawaru
 22732 | D:15     | Reached skill level 10 in Evocations
 22740 | D:15     | Reached skill level 14 in Dodging
 23033 | D:15     | Found a staircase to the Depths.
 23084 | D:15     | Found a basalt altar of Yredelemnul.
 23198 | D:15     | Got an uncursed ancient flail {speed}
 23380 | D:15     | Found a runed door.
 23380 | D:15     | Noticed MrSplat's ghost (journeyman BaHu)
 23652 | D:15     | Reached skill level 15 in Dodging
 23704 | D:15     | Reached skill level 13 in Armour
 23954 | D:15     | Received a gift from Okawaru
 24121 | D:14     | HP: 26/118 [meliai/divine providence (15)]
 24121 | D:14     | HP: 11/118 [meliai/divine providence (15)]
 24122 | D:14     | Killed from afar by a meliai

Vanquished Creatures
  A stone giant (D:10)
  A minotaur (Lab)
  Josephine (D:11)
  Fannar (D:10)
  6 hydras
  Harold (D:7)
  4 centaur warriors (D:15)
  A merfolk avatar (Lair:6)
  7 two-headed ogres
  Erica (D:8)
  A tengu warrior (D:15)
  5 skeletal warriors (D:15)
  2 deep trolls (D:15)
  A sea snake (Lair:5)
  2 unseen horrors
  Pikel (D:7)
  A deep elf archer (D:15)
  6 ugly things
  A manticore (Lair:6)
  3 deep elf magi
  2 cyclopes
  17 elephants
  A gargoyle (D:11)
  4 black mambas
  A torpor snail (Lair:5)
  4 centaur skeletons
  9 komodo dragons
  15 spiny frogs
  3 yaktaurs (D:15)
  5 rime drakes
  2 kobold demonologists (D:15)
  2 tengu conjurers (D:15)
  2 guardian mummies (D:12)
  3 trolls
  A meliai (D:15)
  4 polar bears
  A wind drake (Lair:6)
  2 hornets
  2 tyrant leeches (Lair:2)
  23 blink frogs
  4 slime creatures
  13 hippogriffs
  A spriggan (D:8)
  A shadow (D:15)
  14 wyverns
  37 yaks
  2 redbacks (Lair:4)
  A tarantella (shapeshifter) (D:15)
  Sigmund (D:4)
  3 wraiths (D:11)
  3 vampire mosquitoes
  5 basilisks
  A steam dragon (D:9)
  5 hungry ghosts
  A swamp worm (Lair:2)
  An acid dragon (D:15)
  Duvessa (D:7)
  10 water moccasins
  12 porcupines
  3 ice beasts
  9 orc warriors
  An eye of draining (shapeshifter) (D:15)
  6 black bears
  A necrophage (D:6)
  4 sky beasts
  A phantom (D:8)
  10 ogres
  5 wolves
  8 centaurs
  20 crocodiles
  5 big kobolds
  Blork the orc (D:4)
  13 bullfrogs
  An elf zombie (Ossuary)
  3 gnoll sergeants (D:9)
  Dowan (D:7)
  A wyvern skeleton (D:9)
  4 scorpions
  2 water moccasin skeletons
  10 killer bees
  A wight (D:10)
  3 howler monkeys (D:10)
  7 electric eels (Lair:5)
  8 crimson imps
  A bullfrog zombie (D:6)
  3 centaur zombies
  2 quasits
  10 hounds
  4 orc priests
  9 jellies
  Jessica (D:2)
  5 bullfrog skeletons
  6 iguanas
  8 orc wizards
  3 hell rats (Lair:5)
  13 worker ants
  3 big kobold zombies (Ossuary)
  2 mummies (Ossuary)
  A hound skeleton (D:5)
  A worker ant zombie (D:6)
  6 gnolls
  18 adders
  5 river rats (Lair:5)
  8 shadow imps
  5 oozes
  An adder zombie (D:7)
  A worm (D:2)
  4 dart slugs
  7 leopard geckos
  44 orcs
  A giant cockroach (D:3)
  A gnoll zombie (Ossuary)
  9 goblins
  6 hobgoblins
  7 jackals
  5 quokkas
  5 bats
  5 frilled lizards
  2 goblin zombies (Ossuary)
  A hobgoblin zombie (Ossuary)
  17 kobolds
  A leopard gecko zombie (D:5)
  4 orc zombies (Ossuary)
  9 rats
  23 plants
661 creatures vanquished.

Vanquished Creatures (others)
  2 slaves (D:7)
  2 crocodiles (Lair:6)
  A centaur skeleton (D:7)
  An adder (D:10)
  2 leopard geckos
  2 bushes (Lair:6)
  25 fungi
  17 plants
52 creatures vanquished.

Grand Total: 713 creatures vanquished

Table legend:
 A = Turns spent in this place as a percentage of turns spent in the entire game.
 B = Non-inter-level travel turns spent in this place as a percentage of non-inter-level travel turns spent in the entire game.
 C = Inter-level travel turns spent in this place as a percentage of turns spent in this place.
 D = Turns resting spent in this place as a percentage of non-inter-level travel turns spent in this place.
 E = Turns spent auto-exploring this place as a percentage of non-inter-level travel turns spent in this place.
 F = Non-inter-level travel turns spent in this place divided by the number of levels of this place that you've seen.
                   A       B       C       D       E      F
               +-------+-------+-------+-------+-------+----------------------
         Total | 100.0 | 100.0 |   5.3 |  11.4 |  60.8 | 993.1
       Dungeon |  59.9 |  58.9 |   6.9 |  11.7 |  64.0 | 960.8
        Temple |   0.5 |   0.5 |   6.6 |   0.0 |  99.1 | 114.0
          Lair |  36.9 |  37.8 |   3.1 |  10.2 |  57.8 | 1437.7
     Labyrinth |   1.0 |   1.1 |   0.0 |  18.3 |   0.0 | 246.0
       Ossuary |   1.7 |   1.8 |   0.0 |  23.8 |  45.5 | 404.0
               +-------+-------+-------+-------+-------+----------------------

Table legend:
 A = Spawn XP
 B = Non-spawn XP
 C = Spawn XP percentage of total XP
 D = Spawn monster count
 E = Non-spawn monster count
 F = Spawn count percentage of total count
 G = Total turns spent on level
                    A         B        C        D         E        F      G
               +---------+---------+-------+---------+---------+-------+---------
         Total |       0 |  113866 |   0.0 |       0 |     638 |   0.0 | 24122
               +---------+---------+-------+---------+---------+-------+---------
           D:1 |       0 |      37 |   0.0 |       0 |      22 |   0.0 |   888
           D:2 |       0 |      72 |   0.0 |       0 |      14 |   0.0 |  1017
           D:3 |       0 |      25 |   0.0 |       0 |       7 |   0.0 |   840
           D:4 |       0 |     635 |   0.0 |       0 |      22 |   0.0 |   939
           D:5 |       0 |     403 |   0.0 |       0 |      17 |   0.0 |   993
           D:6 |       0 |     750 |   0.0 |       0 |      19 |   0.0 |   766
           D:7 |       0 |    2906 |   0.0 |       0 |      20 |   0.0 |  1433
           D:8 |       0 |    4514 |   0.0 |       0 |      33 |   0.0 |  1152
           D:9 |       0 |    4389 |   0.0 |       0 |      51 |   0.0 |  1510
          D:10 |       0 |    8841 |   0.0 |       0 |      52 |   0.0 |  1663
          D:11 |       0 |    7738 |   0.0 |       0 |      50 |   0.0 |  1293
          D:12 |       0 |    3030 |   0.0 |       0 |      24 |   0.0 |   445
          D:14 |       0 |     136 |   0.0 |       0 |       3 |   0.0 |    26
          D:15 |       0 |   22143 |   0.0 |       0 |      58 |   0.0 |  1486
        Lair:1 |       0 |    8954 |   0.0 |       0 |      36 |   0.0 |  1547
        Lair:2 |       0 |    7125 |   0.0 |       0 |      26 |   0.0 |  1306
        Lair:3 |       0 |    7057 |   0.0 |       0 |      22 |   0.0 |  1531
        Lair:4 |       0 |    6288 |   0.0 |       0 |      29 |   0.0 |  1183
        Lair:5 |       0 |    7565 |   0.0 |       0 |      50 |   0.0 |  1497
        Lair:6 |       0 |   19768 |   0.0 |       0 |      66 |   0.0 |  1835
           Lab |       0 |    1184 |   0.0 |       0 |       1 |   0.0 |   246
       Ossuary |       0 |     306 |   0.0 |       0 |      16 |   0.0 |   404
               +---------+---------+-------+---------+---------+-------+---------
